 Dungeon Sprint DCSS version 0.17-a0-1570-g74b7129 (webtiles) character file.

0 nuthulu the Ruffian (level 3, -3/36 HPs)
             Began as a Ghoul Monk on July 23, 2015.
             Was a Believer of Makhleb.
             Slain by a goblin
             ... wielding a +0 club
              (5 damage)
             ... in the Dungeon (Sprint VI: "Thunderdome").
             The game lasted 00:00:43 (49 turns).

nuthulu the Ruffian (Ghoul Monk)                      Turns: 49, Time: 00:00:43

Health: -3/36      AC:  2    Str: 14    XL:     3   Next: 72%
Magic:  2/2        EV: 13    Int:  5    God:    Makhleb [**....]
Gold:   200        SH:  0    Dex: 12    Spells: 0 memorised, 2 levels left

rFire  . . .     SeeInvis .       - Unarmed
rCold  + . .     Clarity  .     a - +0 robe
rNeg   + + +     SustAt   .     (no shield)
rPois  ∞         Gourm    .     (no helmet)
rElec  .         Spirit   .     (no cloak)
rCorr  .         Warding  .     (no gloves)
rMut   .         NoTele   +     (no boots)
MR     .....                    (no amulet)
Stlth  ++........               (no ring)
                                (no ring)

@: rotting, not resistant to hostile enchantments, unstealthy
A: rotting body, claws 1, carnivore 3, cold resistance 1, negative energy
resistance 3, slow healing 1, torment resistance, unbreathing
a: Minor Destruction, Renounce Religion


You were in the Dungeon.
You worshipped Makhleb.
Makhleb was pleased with you.
You were not hungry.

You visited 1 branch You collected 200 gold pieces.

Inventory:

Armour
 a - a +0 robe (worn)
Magical devices
 i - a wand of cold (5)
 j - a wand of fire (4)
Scrolls
 h - 4 scrolls of blinking
 k - 3 scrolls of fog
Potions
 c - a potion of curing
 d - 4 potions of heal wounds
 e - 4 potions of haste
 f - 2 potions of magic
 g - a potion of berserk rage
 l - a potion of resistance
Comestibles
 b - a meat ration


   Skills:
 + Level 5.5 Fighting
 + Level 4.4 Dodging
 - Level 2.1 Stealth
 + Level 6.2 Unarmed Combat


You had 2 spell levels left.
You didn't know any spells.

Dungeon Overview and Level Annotations

Branches:
Dungeon (1/1)

Altars:
Cheibriados
Dithmenos
Gozag
Kikubaaqudgha
Makhleb
Okawaru
Qazlal
Ru
Sif Muna
Trog
Vehumet
Xom
Yredelemnul
Zin
The Shining One
Jiyva

Shops:
D *[%?**[(!!!!


Innate Abilities, Weirdness & Mutations

Your body is rotting away.
You thrive on raw meat.
You are immune to poison.
You have sharp fingernails.
You are carnivorous and can eat meat at any time.
Your flesh is cold resistant.
You are immune to negative energy.
You heal slowly when monsters are visible.
You are immune to unholy pain and torment.
You can survive without breathing.


Message History

You butcher the giant gecko corpse.
You see here 2 chunks of flesh.
Eat one of 2 chunks of flesh? (ye/n/q/i?) This raw flesh tastes great!
You continue eating.
The goblin closely misses you.
You continue eating.
Eat a chunk of flesh? (ye/n/q/i?) This raw flesh tastes great!
The goblin hits you with a club.
* * * LOW HITPOINT WARNING * * *
You continue eating.
The goblin hits you with a club.
* * * LOW HITPOINT WARNING * * *
You continue eating.
The goblin misses you.
You scratch the goblin.
The goblin begins to bleed from its wounds!
The goblin is moderately wounded.
The goblin hits you with a club.
You die...

.... .... ...._ ###.
.....### #⌠.... ......⌠#
##.8... .....8.######
_...... #......_._∩##
.....8. #.8....g...∩###
.......###......@......##
....# #...###..........⌠#
....# #.<.# #..........⌠#
....###...###..........⌠#
.......###.............##
.....8.# #.8........∩###
_......###......___∩##
##.8.........8.######
#⌠...........⌠#


You could see a goblin (bleeding).

Vanquished Creatures
  A scorpion (D)
  A giant gecko (D)
2 creatures vanquished.

Notes
Turn   | Place    | Note
--------------------------------------------------------------
     0 | D        | nuthulu the Ghoul Monk began the quest for the Orb.
     0 | D        | Reached XP level 1. HP: 19/19 MP: 0/0
     1 | D        | Found a viscous altar of Jiyva.
     2 | D        | Found an ancient bone altar of Kikubaaqudgha.
     3 | D        | Found a glowing silver altar of Zin.
     3 | D        | Found an iron altar of Okawaru.
     4 | D        | Found Fajuapsa's Identification Station.
     4 | D        | Found a basalt altar of Yredelemnul.
     4 | D        | Found a sacrificial altar of Ru.
     4 | D        | Found Yxtekk's Bee Food.
     5 | D        | Found Caczuwad's Advanced Armour.
     5 | D        | Found Toekh's Jewellery.
     5 | D        | Found a glowing golden altar of the Shining One.
     5 | D        | Round 1.
     6 | D        | Found Hivvuh's Premium Goods.
     7 | D        | Found a deep blue altar of Sif Muna.
     7 | D        | Found a snail-covered altar of Cheibriados.
     7 | D        | Found a radiant altar of Vehumet.
     7 | D        | Found Ijakk's Weapon Rack.
     7 | D        | Found Nuix's Miscellaneous Merchandise.
     7 | D        | Found Sarhe's Basic Armour.
    11 | D        | Found a bloodstained altar of Trog.
    12 | D        | Found a shadowy altar of Dithmenos.
    13 | D        | Found a stormy altar of Qazlal.
    13 | D        | Noticed a scorpion
    14 | D        | Found Vicziec's Do-It-Yourself Clinic.
    14 | D        | Found a burning altar of Makhleb.
    14 | D        | Found a shimmering altar of Xom.
    14 | D        | Found Muffoar's Distillery.
    15 | D        | Found Foaqirol's Bottled Wisdom.
    15 | D        | Found Mompofro's Distillery.
    22 | D        | Found an opulent altar of Gozag.
    27 | D        | Became a worshipper of Makhleb the Destroyer
    27 | D        | Acquired Makhleb's first power
    27 | D        | Acquired Makhleb's second power
    35 | D        | Killed a scorpion
    35 | D        | Reached skill level 5 in Fighting
    35 | D        | Reached skill level 6 in Unarmed Combat
    35 | D        | Reached XP level 2. HP: 6/29 MP: 1/1
    35 | D        | Reached XP level 3. HP: 7/36 MP: 2/2
    47 | D        | HP: 1/36 [goblin/club (5)]
    49 | D        | Slain by a goblin

Vault maps used:
D:        arena_sprint

Action                   || total
-------------------------++-------
Melee: Unarmed           ||    14
Evoke: Wand              ||     1
  Eat: Chunk             ||     2
